 Dungeon Crawl Stone Soup version 0.32-a0-329-ge6c31236d6 (webtiles) character file.

Game seed: 15273896762966632534

12341 Xavori the Nimble (level 12, -4/88 HPs)
             Began as a Djinni Chaos Knight on Feb 17, 2024.
             Was a Plaything of Xom.
             Slain by a cane toad (7 damage)
             ... while petrified by a basilisk
             ... on level 1 of the Lair of Beasts.
             The game lasted 00:17:32 (14693 turns).

Xavori the Nimble (Djinni Chaos Knight)            Turns: 14693, Time: 00:17:32

Health: -4/88      AC:  8    Str: 11    XL:     12   Next: 19%
Gold:   618        EV:  2    Int: 16    God:    Xom [.....*] SH:  0 Dex: 27

rFire   + + .        a - +0 falchion (chaos)
rCold   x . .        s - +2 kite shield
rNeg    + + +        S - +0 troll leather armour
rPois   ∞            g - +0 helmet
rElec   .            (no cloak)
rCorr   .            t - +2 pair of gloves {Dex+3}
SInv    +            (boots unavailable)
Will    +....        (no amulet)
Stlth   +++          O - +6 ring of dexterity
HPRegen 1.14/turn    E - +5 ring of evasion
MPRegen 0.00/turn

%: infuse magic (-5 HP)
@: petrified, flying, hasted
A: sickness immunity, fire resistance 2, cold vulnerability 1, float, innate
caster, HP casting, extra vitality 1, thin skeletal structure 1, see invisible
a: Renounce Religion


You were on level 1 of the Lair of Beasts.
You worshipped Xom.
You were Xom's teddy bear.
You visited 2 branches of the dungeon, and saw 12 of its levels.
You also visited: Ossuary.

You collected 618 gold pieces.

Inventory:

Hand Weapons
 a - a +0 falchion of chaos (weapon)
Missiles
 I - a throwing net (quivered)
Armour
 b - a +2 leather armour
 g - a +0 helmet (worn)
 s - a +2 kite shield (worn)
 t - a +2 pair of gloves of dexterity (worn)
 S - a +0 troll leather armour (worn)
Jewellery
 j - a +4 ring of protection
 w - a +6 ring of strength
 E - a +5 ring of evasion (right hand)
 J - a ring of ice
 M - a +5 ring of evasion
 O - a +6 ring of dexterity (left hand)
 R - the ring of Awe {Wiz Str+3}
   (You acquired it on level 11 of the Dungeon)

   [ring of wizardry]

   Wiz:       It improves your spell success rate.
   Str+3:     It affects your strength (+3).
Wands
 A - a wand of mindburst (7)
 B - a wand of paralysis (11)
 D - a wand of flame (69)
 H - a wand of light (13)
Scrolls
 c - a scroll of butterflies
 d - a scroll of enchant armour
 k - a scroll of noise
 m - 2 scrolls of torment
 n - 5 scrolls of revelation
 o - 5 scrolls of immolation
 p - 5 scrolls of teleportation
 q - a scroll of blinking
 r - 3 scrolls of enchant weapon
 y - a scroll of fear
 F - 2 scrolls of poison
 K - 5 scrolls of amnesia
 N - a scroll of identify
Potions
 e - 2 potions of brilliance {unknown}
 f - 3 potions of degeneration
 h - 6 potions of heal wounds
 i - 2 potions of curing
 l - 3 potions of lignification
 u - a potion of enlightenment {unknown}
 v - a potion of invisibility {unknown}
 x - a potion of haste {unknown}
 z - 2 potions of mutation {unknown}
 C - 3 potions of might {unknown}
 G - 2 potions of ambrosia
 L - a potion of berserk rage {unknown}
 P - 3 potions of resistance {unknown}
 Q - 2 potions of attraction {unknown}


   Skills:
 + Level 8.4 Fighting
 + Level 7.6 Long Blades
 + Level 7.8 Armour
 + Level 8.8 Dodging
 * Level 8.6 Shields
 * Level 2.5 Spellcasting
 * Level 2.5 Conjurations
 * Level 2.5 Hexes
   Level 0.0 Charms
 * Level 2.5 Summonings
 * Level 2.5 Necromancy
 * Level 2.5 Translocations
   Level 0.0 Transmutations
 * Level 2.5 Fire Magic
 * Level 2.5 Ice Magic
 * Level 2.5 Air Magic
 * Level 2.5 Earth Magic
 * Level 2.5 Alchemy
 * Level 4.6 Evocations


You knew the following spells:

 Your Spells              Type           Power      Damage    Failure   Level
a - Slow                  Hex            40%        N/A       26%         1
b - Blink                 Tloc           20%        N/A       38%         2
c - Stone Arrow           Conj/Erth      20%        3d8       63%         3
d - Brom's Barrelling Bo  Conj/Erth      10%        2d3       95%         4
e - Borgnjor's Vile Clut  Necr/Erth      5%         N/A       100%        5
Your spell library was empty.


Dungeon Overview and Level Annotations

Branches:
Dungeon (11/15)            Temple (0/1) D:6            Lair (1/5) D:9
    Orc (0/2) D:11        Ossuary (visited)

Altars:
Hepliaklqana
Qazlal
Xom
The Shining One

Annotations:
D:7 2 transporters, exclusion: oklob plant, Ruich's ghost, novice OpSh


Innate Abilities, Weirdness & Mutations

You are immune to sickness and miasma.
You are immune to poison.
Your flesh is very heat resistant. (rF++)
You are vulnerable to cold. (rC-)
You float through the air rather than walking.
You learn spells naturally, not from books.
Your magical power is your life essence.
You have superior vitality. (+4 MHP)
You have a somewhat thin skeletal structure. (Dex +2, Stealth+)
You have supernaturally acute eyesight. (SInv)


Message History

The basilisk gazes at you.
You are slowing down.
You block the cane toad's attack.
Unknown command.
You hit the basilisk but do no damage.
The basilisk is severely wounded.
You block the basilisk's attack. You block the cane toad's attack.
The basilisk gazes at you.
Your limbs have turned to stone.
You block the cane toad's attack. The basilisk bites you!
You have turned to stone.
The cane toad stings you!! The basilisk bites you! x2
The cane toad stings you!
The basilisk bites you but does no damage.
The cane toad stings you!
The basilisk bites you but does no damage.
The cane toad stings you! The basilisk gazes at you. The cane toad stings you!
* * * LOW HITPOINT WARNING * * *
The basilisk gazes at you. The basilisk gazes at you.
You easily resist.
The cane toad stings you.
* * * LOW HITPOINT WARNING * * *
Xom grants you a minor favour.
You feel yourself speed up.
You are now Xom's teddy bear.
The basilisk gazes at you.
You easily resist.
The cane toad barely misses you. The basilisk gazes at you.
You easily resist.
The cane toad stings you!!
* * * LOW HITPOINT WARNING * * *
The basilisk bites you!
* * * LOW HITPOINT WARNING * * *
The cane toad stings you!
* * * LOW HITPOINT WARNING * * *
The basilisk gazes at you.
You easily resist.
The cane toad stings you!
You die...
Xom bursts into laughter!

##...............#.......##
#..........###...#.......##
..........## #............##
...........###.....[.>......
............##..............
............P#..............
............................
.....#...........#.....#....
..%........@.....##.....#...
.#....Fl##..............
.......###...#..........
....... #..............
..... .......
#...#.......... ........
....... ...... .......
........ ....... ... .......
........ ....... ...........
........ ... ............


You could see a cane toad and a basilisk (fast, vitrified).

Vanquished Creatures
  A hydra (D:10)
  Pikel (D:8)
  A cane toad (Lair:1)
  A gargoyle (D:10)
  Maggie (D:8)
  A komodo dragon (Lair:1)
  2 trolls
  A hornet (D:6)
  Sigmund (D:2)
  17 yaks
  A wyvern (Lair:1)
  Grum (D:11)
  A basilisk (Lair:1)
  A steam dragon (D:8)
  A water moccasin (D:5)
  2 orc warriors
  A sky beast (D:6)
  A black bear (D:7)
  3 ogres
  6 wolves
  A centaur (D:4)
  2 lemures (D:8)
  4 kobold brigands
  3 elf zombies (Ossuary)
  A bullfrog (Lair:1)
  A scorpion (D:5)
  3 wights (D:7)
  11 killer bees
  4 howler monkeys
  A bombardier beetle (D:3)
  6 centaur zombies (Ossuary)
  2 human zombies (Ossuary)
  3 hounds (D:5)
  An orc priest (D:8)
  A gnoll bouda (D:6)
  4 orc wizards
  2 sleepcaps (D:5)
  2 hound zombies (D:4)
  2 hound skeletons (D:4)
  3 mummies (Ossuary)
  6 gnolls (D:6)
  7 adders
  A river rat (D:10)
  A shadow imp (D:6)
  2 ufetubi (D:6)
  An adder skeleton (D:4)
  3 adder zombies (D:4)
  3 dart slugs
  A ribbon worm (D:4)
  23 orcs
  6 bats
  5 endoplasms (D:2)
  4 giant cockroaches
  7 goblins
  11 hobgoblins
  A jackal (D:6)
  A quokka (D:3)
  5 ball pythons
  3 frilled lizards
  19 kobolds
  2 rats
214 creatures vanquished.

Vanquished Creatures (collateral kills)
  A cyclops (D:11)
  A gargoyle (D:11)
  Jeremiah (D:6)
  A troll (D:11)
  7 yaks
  2 vampire mosquitoes (D:10)
  A wolf (D:11)
  2 lemures (D:8)
  A jelly (D:6)
  An orc wizard (D:8)
  A gnoll (D:6)
  The ghost of Bravepunisher the Ducker, a weakling SpMo (D:6)
  A bat (D:6)
21 creatures vanquished.

Vanquished Creatures (others)
  3 yaks
3 creatures vanquished.

Grand Total: 238 creatures vanquished

Notes
Turn   | Place    | Note
-------+----------+-------------------------------------------
     0 | D:1      | Xavori the Djinni Chaos Knight began the quest for the Orb.
     0 | D:1      | Reached XP level 1. HP: 20/20 MP: 0/0
    26 | D:1      | Reached XP level 2. HP: 22/25 MP: 0/0
   112 | D:1      | Found a faded altar of an unknown god.
   329 | D:1      | XOM: silly message
   333 | D:1      | Reached XP level 3. HP: 29/30 MP: 0/0
   333 | D:1      | Learned a level 1 spell: Slow
   754 | D:1      | XOM: divination: magic mapping
  1273 | D:1      | XOM: divination: detect items
  1501 | D:1      | XOM: cloud trail
  1545 | D:1      | XOM: divination: detect creatures
  1645 | D:1      | XOM: divination: magic mapping
  2162 | D:1      | XOM: silly message
  2337 | D:1      | XOM: silly message
  2791 | D:1      | XOM: give mutation
  2791 | D:1      | Gained mutation: You passively map a small area around you.
                  | [Xom's mischief]
  3213 | D:1      | XOM is BORED!
  3213 | D:1      | XOM: silly message
  3229 | D:1      | XOM: silly message
  3285 | D:1      | XOM: silly message
  4295 | D:1      | XOM is BORED!
  4295 | D:1      | XOM: noise
  4599 | D:1      | XOM: give mutations
  4599 | D:1      | Gained mutation: You have a somewhat thin skeletal
                  | structure. (Dex +2, Stealth+) [Xom's grace]
  4599 | D:1      | Gained mutation: You have a pair of small antennae on your
                  | head. [Xom's grace]
  4599 | D:1      | Gained mutation: You are partially covered in iridescent
                  | scales. (AC +2) [Xom's grace]
  4701 | D:1      | XOM: god gift: 3 stones
  4724 | D:2      | Noticed a phantom
  4727 | D:2      | XOM: 2-stop teleportation journey
  4845 | D:2      | XOM: cloud trail
  4858 | D:2      | XOM: 1-stop teleportation journey
  4970 | D:2      | Reached XP level 4. HP: 35/35 MP: 0/0
  4980 | D:2      | Noticed Sigmund
  4993 | D:2      | Killed Sigmund
  4994 | D:2      | Reached XP level 5. HP: 13/41 MP: 0/0
  4994 | D:2      | Learned a level 2 spell: Blink
  4994 | D:2      | Reached XP level 6. HP: 15/47 MP: 0/0
  5206 | D:2      | XOM: divination: detect creatures
  5429 | D:2      | XOM: god gift: scroll labelled QAINIM CO XUR {god gift}
  5677 | D:3      | Found a stormy altar of Qazlal.
  5805 | D:3      | Found a glowing golden altar of the Shining One.
  5936 | D:3      | Reached XP level 7. HP: 53/53 MP: 0/0
  5936 | D:3      | Learned a level 3 spell: Stone Arrow
  6189 | D:3      | XOM: scenery: create altars
  6427 | D:4      | Found a sand-covered staircase.
  6453 | Ossuary  | Entered an ossuary
  6473 | Ossuary  | XOM: potion effect (haste)
  6495 | Ossuary  | XOM: god gift: leather armour {god gift}
  6510 | Ossuary  | XOM: summons 7 friendly demons
  6517 | Ossuary  | Reached skill level 5 in Fighting
  6522 | Ossuary  | Reached skill level 5 in Dodging
  6522 | Ossuary  | Reached XP level 8. HP: 45/59 MP: 0/0
  6523 | Ossuary  | XOM: noise
  6559 | Ossuary  | XOM: cast spell 'Disjunction'
  6570 | Ossuary  | XOM: blink monster(s)
  6582 | Ossuary  | XOM: summons friendly quasit
  6637 | Ossuary  | Reached skill level 5 in Long Blades
  6843 | D:4      | XOM: confuse monster(s)
  7401 | D:5      | Entered Level 5 of the Dungeon
  7474 | D:5      | Reached skill level 1 in Shields
  7714 | D:5      | Reached skill level 5 in Armour
  7775 | D:5      | XOM: noise
  7823 | D:5      | XOM: silly message
  7829 | D:5      | Reached XP level 9. HP: 61/66 MP: 0/0
  7829 | D:5      | Learned a level 4 spell: Brom's Barrelling Boulder
  7876 | D:5      | XOM: give mutations
  7876 | D:5      | Lost mutation: You have a pair of small antennae on your
                  | head. [Xom's mischief]
  7876 | D:5      | Lost mutation: You are partially covered in iridescent
                  | scales. (AC +2) [Xom's mischief]
  7876 | D:5      | Lost mutation: You passively map a small area around you.
                  | [Xom's mischief]
  8327 | D:6      | Found a staircase to the Ecumenical Temple.
  8356 | D:6      | Noticed Jeremiah
  8602 | D:6      | Found a large runed translucent door.
  8604 | D:6      | Found a large runed translucent door.
  8611 | D:6      | Noticed a hornet
  8612 | D:6      | Noticed Bravepunisher's ghost (weakling SpMo)
  8612 | D:6      | XOM: enchant monster (good)
  8617 | D:6      | XOM: divination: magic mapping
  8624 | D:6      | XOM: cast spell 'Olgreb's Toxic Radiance'
  8625 | D:6      | Killed a hornet
  8737 | D:6      | XOM: 2-stop teleportation journey
  8775 | D:6      | XOM: noise
  8984 | D:6      | XOM: god gift: staff of alchemy
  9049 | D:6      | Killed Jeremiah
  9117 | D:6      | Killed Bravepunisher's ghost
  9387 | D:7      | Found a transporter.
  9432 | D:7      | XOM: 3-stop teleportation journey
  9518 | D:7      | Found a hazy altar of Hepliaklqana.
  9537 | D:7      | XOM: divination: detect items
  9550 | D:7      | Noticed Ruich's ghost (novice OpSh)
  9600 | D:7      | Reached XP level 10. HP: 57/73 MP: 0/0
  9744 | D:7      | Found a transporter.
  9747 | D:7      | Noticed an oklob plant
  9957 | D:8      | Noticed Maggie
  9975 | D:8      | XOM: silly message
  9982 | D:8      | XOM: potion effect (might)
  9987 | D:8      | Killed Maggie
  9988 | D:8      | Reached skill level 5 in Shields
 10257 | D:8      | XOM: silly message
 10409 | D:8      | XOM: cloud trail
 10449 | D:8      | XOM: summons 8 friendly demons
 10454 | D:8      | Noticed Pikel
 10478 | D:8      | Killed Pikel
 10874 | D:8      | XOM: blink monster(s)
 11139 | D:9      | XOM: 1-stop teleportation journey
 11160 | D:9      | XOM: torment (39/75 hp)
 11161 | D:9      | XOM: 4-stop teleportation journey
 11316 | D:9      | XOM: fake destruction
 11337 | D:9      | XOM: summons 4 hostile demons
 11343 | D:9      | XOM: blink monster(s)
 11348 | D:9      | XOM: fake destruction
 11728 | D:9      | Found a staircase to the Lair.
 12012 | D:10     | Entered Level 10 of the Dungeon
 12133 | D:10     | Noticed a gargoyle
 12138 | D:10     | XOM: chaos upgrade
 12141 | D:10     | XOM: confusion (+ monsters)
 12147 | D:10     | Paralysed by a gargoyle for 1 turns
 12164 | D:10     | XOM: confusion
 12173 | D:10     | XOM: summons 2 hostile demons
 12197 | D:10     | Killed a gargoyle
 12198 | D:10     | Reached XP level 11. HP: 16/79 MP: 0/0
 12198 | D:10     | Learned a level 5 spell: Borgnjor's Vile Clutch
 12411 | D:10     | Noticed a seven-headed hydra
 12451 | D:10     | Killed a seven-headed hydra
 12452 | D:10     | Reached skill level 1 in Evocations
 12592 | D:10     | XOM: polymorph killer bee -> river rat
 12688 | D:10     | XOM: divine lightning
 12689 | D:10     | Reached skill level 1 in Spellcasting
 12689 | D:10     | Reached skill level 1 in Conjurations
 12689 | D:10     | Reached skill level 1 in Hexes
 12689 | D:10     | Reached skill level 1 in Summonings
 12689 | D:10     | Reached skill level 1 in Necromancy
 12689 | D:10     | Reached skill level 1 in Translocations
 12689 | D:10     | Reached skill level 1 in Fire Magic
 12689 | D:10     | Reached skill level 1 in Ice Magic
 12689 | D:10     | Reached skill level 1 in Air Magic
 12689 | D:10     | Reached skill level 1 in Earth Magic
 12689 | D:10     | Reached skill level 1 in Alchemy
 12697 | D:10     | XOM: summons friendly iron imp
 12700 | D:10     | XOM: god gift: scroll of teleportation
 12745 | D:10     | XOM: give mutation
 12745 | D:10     | Gained mutation: You have supernaturally acute eyesight.
                  | (SInv) [Xom's grace]
 12841 | D:10     | XOM: smoke on damage
 13019 | D:10     | XOM: summons friendly ice devil
 13065 | D:10     | XOM: scenery: 1 doors open
 13195 | D:11     | Found a staircase to the Orcish Mines.
 13224 | D:11     | XOM: cleaving
 13230 | D:11     | Noticed a cyclops
 13230 | D:11     | XOM: 4-stop teleportation journey
 13296 | D:11     | XOM: summons friendly soul eater
 13323 | D:11     | Killed a cyclops
 13431 | D:11     | Noticed Grum
 13441 | D:11     | XOM: summons 6 friendly demons
 13457 | D:11     | XOM: god gift: 30 gold pieces
 13473 | D:11     | XOM: noise
 13504 | D:11     | Killed Grum
 13505 | D:11     | Reached XP level 12. HP: 40/87 MP: 0/0
 14035 | D:11     | XOM: silly message
 14077 | D:11     | XOM: god gift: ring mail {god gift}
 14097 | D:11     | Identified a scroll of acquirement
 14098 | D:11     | Acquired the ring of Awe {Wiz Str+3}
 14252 | Lair:1   | Entered Level 1 of the Lair of Beasts
 14543 | Lair:1   | XOM: blink monster(s)
 14562 | Lair:1   | XOM: 3-stop teleportation journey
 14661 | Lair:1   | XOM: 1-stop teleportation journey
 14691 | Lair:1   | XOM: potion effect (haste)
 14692 | Lair:1   | HP: 4/88 [basilisk (7)]
 14692 | Lair:1   | HP: 1/88 [cane toad (3)]
 14693 | Lair:1   | Slain by a cane toad

Illustrated notes

Levels and vault maps discovered:
D:1:      evilmike_arrival_hilbert_curve, layout_loops_ring,
          shapermc_ecumenical_altar_gd
D:2:      layout_loops_cross, uniq_sigmund
D:3:      layout_rooms, lemuel_round_altar, mainiacjoe_overflow_alcove_4
D:4:      layout_basic, mainiacjoe_ossuary_entry_find_the_door,
          kennysheep_doodads
D:5:      layout_cave_pods, minivault_25
D:6:      layout_rooms, mainiacjoe_overflow_tiny_flanked,
          minmay_temple_entry_mini_moons, ebering_ghost_disaster_area,
          uniq_jeremiah
D:7:      layout_cave_pools, lemuel_round_altar, nzn_ghost_randoct
D:8:      layout_basic, uniq_maggie, uniq_pikel
D:9:      layout_basic, lair_entry_dummy
D:10:     layout_irregular_city
D:11:     layout_rooms, orc_0_dummy, uniq_grum
Lair:1:   layout_gridlike, nicolae_quartered_pool_super

Skill      XL: |  1  2  3  4  5  6  7  8  9 10 11 |
---------------+----------------------------------+-----
Long Blades    | 3 4 5 6 7 |  7.6
Fighting       | 4 5 6 7 8 |  8.4
Armour         | 2 3 4 5 6 7 |  7.8
Dodging        | 3 4 5 6 7 8 |  8.8
Shields        | 1 4 7 8 |  8.6
Evocations     | 4 |  4.6
Spellcasting   | 2 |  2.5
Conjurations   | 2 |  2.5
Hexes          | 2 |  2.5
Summonings     | 2 |  2.5
Necromancy     | 2 |  2.5
Translocations | 2 |  2.5
Fire Magic     | 2 |  2.5
Ice Magic      | 2 |  2.5
Air Magic      | 2 |  2.5
Earth Magic    | 2 |  2.5
Alchemy        | 2 |  2.5

Action                     |  1- 3 |  4- 6 |  7- 9 | 10-12 || total
---------------------------+-------+-------+-------+-------++-------
  Melee: Falchion          |    60 |   137 |   420 |   571 ||  1188
  Evoke: Wand              |       |       |     1 |    12 ||    13
    Use: Scroll            |       |     1 |     8 |     8 ||    17
         Potion            |       |       |       |     5 ||     5
   Stab: Sleeping          |     5 |     3 |     8 |     3 ||    19
         Petrifying        |     1 |     1 |     1 |       ||     3
         Petrified         |       |     2 |     9 |       ||    11
         Paralysed         |       |     1 |     1 |       ||     2
         Confused          |       |       |     5 |     1 ||     6
         Distracted        |       |       |       |     1 ||     1
 Armour: Leather armour    |    28 |    97 |   224 |   170 ||   519
         Skin              |       |       |       |    28 ||    28
         Troll leather arm |       |       |       |    40 ||    40
  Dodge: Dodged            |    31 |   110 |   285 |   395 ||   821
  Block: Kite shield       |       |       |   209 |   561 ||   770

Table legend: (Time is in decaauts)
 A = Elapsed time spent in this place.
 B = Non-inter-level travel time spent in this place.
 C = Inter-level travel time spent in this place.
 D = Time resting spent in this place.
 E = Time spent auto-exploring this place.
 F = Levels seen in this place.
 G = Mean time per level.
                   A        B        C        D        E       F      G
               +--------+--------+--------+--------+--------+-----+--------+
         Total |  14849 |  14282 |    567 |   5394 |   6261 |  13 | 1142.2 |
       Dungeon |  14104 |  13538 |    566 |   5360 |   5845 |  11 | 1282.2 |
          Lair |    449 |    449 |      0 |     34 |    269 |   1 |  449.0 |
       Ossuary |    295 |    295 |      0 |      0 |    147 |   1 |  295.0 |
               +--------+--------+--------+--------+--------+-----+--------+

Top non-repeatable levels by time:
     D:1: 4709 daAuts
     D:8: 1210 daAuts
     D:9: 1153 daAuts
    D:10: 1020 daAuts
     D:5: 966 daAuts
    D:11: 953 daAuts
     D:2: 946 daAuts
     D:4: 919 daAuts
     D:6: 898 daAuts
     D:7: 714 daAuts
     D:3: 610 daAuts
  Lair:1: 449 daAuts
 Ossuary: 295 daAuts
